 Dungeon Crawl Stone Soup version 0.30-a0-561-g1b0378597e (webtiles) character file.

Game seed: 6095384146705686268

87 Bnni the Vexing (level 4, -11/33 HPs)
             Began as a Formicid Hexslinger on Dec 28, 2022.
             Killed by an exploding Robin (38 damage)
             ... ignited by their inner flame
             ... on level 2 of the Dungeon.
             The game lasted 00:02:52 (1037 turns).

Bnni the Vexing (Formicid Hexslinger)               Turns: 1037, Time: 00:02:53

Health: -11/33     AC:  3    Str: 15    XL:     4   Next: 80%
Magic:  1/6        EV: 12    Int: 14    God:
Gold:   48         SH:  0    Dex: 14    Spells: 2/6 levels left

rFire   . . .      SeeInvis +    a - +1 sling
rCold   . . .      Faith    .    (no shield)
rNeg    . . .      Spirit   .    c - +0 robe
rPois   .          Reflect  .    (helmet unavailable)
rElec   .          Harm     .    (no cloak)
rCorr   .          Rampage  .    j - +0 pair of gloves
Will    .....                    (no boots)
Stlth   +                        (no amulet)
HPRegen 0.25/turn                (no ring)
MPRegen 0.10/turn                (no ring)

@: no status effects
A: permanent stasis, dig shafts and tunnels, antennae 3, four strong arms
a: Dig, Shaft Self


You were on level 2 of the Dungeon.
You visited 1 branch of the dungeon, and saw 2 of its levels.

You collected 48 gold pieces.

Inventory:

Hand Weapons
 a - a +1 sling (weapon)
Armour
 c - a +0 robe (worn)
 j - a +0 pair of gloves (worn)
Scrolls
 b - 2 scrolls of poison
 d - 3 scrolls of identify {unknown}
 g - a scroll of enchant weapon {unknown}
 i - a scroll of vulnerability {unknown}
Potions
 e - a potion of mutation {unknown}
 f - a potion of ambrosia {unknown}
 h - a potion of curing {unknown}
 k - a potion of brilliance {unknown}


   Skills:
 + Level 1.9 Fighting
 * Level 2.9 Ranged Weapons
 - Level 1.7 Dodging
 + Level 1.8 Spellcasting
 * Level 4.5 Hexes
 + Level 1.1 Fire Magic


You had 2 spell levels left.
You knew the following spells:

 Your Spells              Type           Power      Damage    Failure   Level
a - Slow                  Hex            56%        N/A       3%          1
b - Inner Flame           Hex/Fire       9%         N/A       22%         3

Your spell library contained the following spells:

 Spells                   Type           Power      Damage    Failure   Level
 Apportation              Tloc           2%         N/A       24%         1
 Necrotise                Necr           4%         1d4       24%         1
 Summon Small Mammal      Summ           4%         N/A       24%         1
 Portal Projectile        Hex/Tloc       14%        N/A       28%         3
 Cause Fear               Hex            7%         N/A       36%         4


Dungeon Overview and Level Annotations

Branches:
Dungeon (2/15)

Altars:


Innate Abilities, Weirdness & Mutations

You cannot be hasted, slowed, berserked, paralysed or teleported.
You can dig through walls and to a lower floor.
You have a pair of large antennae on your head. (SInv)
Your four strong arms can wield two-handed weapons with a shield.


Message History

The sling bullet hits the rat.
You kill the rat!
You shoot a sling bullet. The sling bullet hits the goblin.
You kill the goblin!
Robin roars a battlecry!
You shoot a sling bullet. The sling bullet hits Robin.
Robin is lightly wounded.
You shoot a sling bullet.
The sling bullet hits Robin but does no damage.
Robin is lightly wounded.
Casting: Inner Flame (quite dangerous; 22% risk of failure)
Confirm with . or Enter, or press ? or * to list all spells.
The spell is quite dangerous to miscast (22% risk of failure)!
Continue anyway?
Aiming: Inner Flame (quite dangerous; 22% risk of failure)
Press: ? - help, Dir - move target, f/p - Robin
Aim: Robin, wielding a +0 dagger, wearing a +0 animal skin and wearing a +0 helmet (lightly wounded, chance to affect: 67%) Robin is filled with an inner flame.
Fire: a) +1 sling
Press: ? - help, Shift-Dir - straight line, f/p - Robin
Aim: Robin, wielding a +0 dagger, wearing a +0 animal skin and wearing a +0 helmet (lightly wounded, inner flame, 65% to hit)
You shoot a sling bullet.
The sling bullet hits Robin but does no damage.
Robin is lightly wounded.
Fire: a) +1 sling
Press: ? - help, Shift-Dir - straight line, f/p - Robin
Aim: Robin, wielding a +0 dagger, wearing a +0 animal skin and wearing a +0 helmet (lightly wounded, inner flame, 65% to hit)
You shoot a sling bullet. The sling bullet closely misses Robin.
The sling bullet hits the hobgoblin.
The hobgoblin is moderately wounded.
Casting: Inner Flame (quite dangerous; 22% risk of failure)
Confirm with . or Enter, or press ? or * to list all spells.
Okay, then.
You shoot a sling bullet. The sling bullet hits Robin.
Flame seeps out of Robin.
Robin is heavily wounded.
Robin is engulfed in blazing flames.
Robin explodes!
The fiery explosion engulfs you!!!
Ouch! That really hurt!
You die...

# #..........#####..# #
#####..............#..#
#.............####.#..#
#.............#<...#..# ##
#.............######..# .#
#.............#....#..# .#
#############.#.##.#..# .##
#.#....#..######## ..#######
#@#....#.~....~... ........#
#○#<...#..~....... ........#
#g####.)......~~.~ ........###
#g###≈≈≈~~≈≈≈≈~≈≈. ..........##
#)#≈≈≈≈≈≈≈≈~~~~~~~ ........#..#
#g####.......~.... ........##.##
#.##..†.....~~....
.......[##..####g##.....#######..
........###......##.....# .#


You could see 3 hobgoblins and a goblin (strong).

Vanquished Creatures
  Robin (D:2)
  4 gnolls (D:2)
  An adder (D:2)
  2 dart slugs
  3 ball pythons
  An endoplasm (D:2)
  2 giant cockroaches
  6 hobgoblins
  A quokka (D:2)
  3 bats
  A frilled lizard (D:1)
  7 goblins
  2 kobolds (D:1)
  4 rats
38 creatures vanquished.

Notes
Turn   | Place    | Note
-------+----------+-------------------------------------------
     0 | D:1      | Bnni the Formicid Hexslinger began the quest for the Orb.
     0 | D:1      | Reached XP level 1. HP: 15/15 MP: 2/2
    87 | D:1      | Reached XP level 2. HP: 18/21 MP: 3/3
   242 | D:1      | Reached skill level 4 in Hexes
   251 | D:1      | Found a faded altar of an unknown god.
   479 | D:2      | Reached XP level 3. HP: 26/26 MP: 5/5
   483 | D:2      | Learned a level 3 spell: Inner Flame
   711 | D:2      | Reached XP level 4. HP: 28/33 MP: 0/6
   720 | D:2      | Reached skill level 1 in Fire Magic
  1002 | D:2      | Noticed Robin
  1037 | D:2      | Killed Robin
  1037 | D:2      | Killed by an exploding Robin... ignited by their inner
                  | flame

Illustrated notes

Levels and vault maps discovered:
D:1:      mrwooster_arrival_statue_3, layout_rooms,
          hellmonk_ecumenical_altar_heavens_door, chequers_jeans,
          minmay_misc_feat_encased
D:2:      layout_basic, serial_rivers, chequers_serial_rivers_micro_d,
          chequers_serial_rivers_marsh, chequers_serial_rivers_small_3,
          chequers_serial_rivers_micro_c, chequers_serial_rivers_marsh,
          uniq_robin

Skill      XL: |  1  2  3  4 |
---------------+-------------+-----
Hexes          | 4 |  4.5
Fire Magic     | 1 |  1.1
Fighting       | |  1.9
Ranged Weapons | |  2.9
Dodging        | |  1.7
Spellcasting   | |  1.8

Action                   |  1- 3 |  4- 6 || total
-------------------------+-------+-------++-------
 Fire: Sling             |    89 |    23 ||   112
 Cast: Inner Flame       |     1 |     3 ||     4
       Slow              |       |     2 ||     2
 Abil: Dig               |     1 |       ||     1
Armor: Robe              |     3 |     2 ||     5
Dodge: Dodged            |    21 |     8 ||    29

Table legend: (Time is in decaauts)
 A = Elapsed time spent in this place.
 B = Non-inter-level travel time spent in this place.
 C = Inter-level travel time spent in this place.
 D = Time resting spent in this place.
 E = Time spent auto-exploring this place.
 F = Levels seen in this place.
 G = Mean time per level.
                   A        B        C        D        E       F      G
               +--------+--------+--------+--------+--------+-----+--------+
         Total |   1069 |   1060 |      9 |     46 |    728 |   2 |  534.5 |
       Dungeon |   1069 |   1060 |      9 |     46 |    728 |   2 |  534.5 |
               +--------+--------+--------+--------+--------+-----+--------+

Top non-repeatable levels by time:
     D:2: 581 daAuts
     D:1: 487 daAuts
